Selects Australian Defense Battlegroup
Selects Australian Light Infantry Section
Australian Light Infantry Section
Australian Light Infantry Section
Australian Light Infantry Section
Construct Section Command Post
Construct Platoon Command Post
Unlock M3 Stuart Light Tanks
Selects 2-pounder Anti-tank Gun Team
2-pounder Anti-tank Gun Team
Australian Light Infantry Section
Selects CMP 15cwt Supply Run
Unlock Bishop Self-propelled Artillery
Bishop Self-propelled Artillery
Construct Field Infirmary
Bishop Self-propelled Artillery
Selects Vehicle Over Repair
Construct Company Command Post